 Dungeon Crawl Stone Soup version 0.28-a0-691-gad6df49e81 (webtiles) character file.

Game seed: 13255696910662758614

43 omnomnOMINOUS the Firebug (level 3, 0/24 HPs)
             Began as an Octopode Wanderer on Oct 21, 2021.
             Was a Follower of Wu Jian.
             Succumbed to an adder's poison
             ... on level 2 of the Dungeon.
             The game lasted 00:02:35 (1605 turns).

omnomnOMINOUS the Firebug (Octopode Wanderer)       Turns: 1605, Time: 00:02:36

Health: 0/24       AC:  1    Str:  9 (10) XL:     3   Next: 58%
Magic:  5/5        EV: 12    Int: 16 (17) God:    Wu Jian [*.....]
Gold:   66         SH:  0    Dex:  9 (10) Spells: 4/5 levels left

rFire   . . .      SeeInvis .   a - +0 scimitar
rCold   . . .      Faith    .   (no shield)
rNeg    . . .      Spirit   .   (helmet restricted)
rPois   .          Reflect  .   (no amulet)
rElec   .          Harm     .   e - ring of flight
rCorr   .          Rampage  .   (no ring)
Will    .....                   (no ring)
Stlth   ++........              (no ring)
HPRegen 0.08/turn               (no ring)
MPRegen 0.09/turn               (no ring)
                                (no ring)
                                (no ring)

@: lethally poisoned (0 -> -10), flying
A: almost no armour, amphibious, 8 rings, camouflage 1, gelatinous body 1,
(nimble swimmer 1), tentacles
a: Renounce Religion


You were on level 2 of the Dungeon.
You worshipped Wu Jian.
Wu Jian was aware of your devotion.
You visited 1 branch of the dungeon, and saw 2 of its levels.

You collected 66 gold pieces.

Inventory:

Hand Weapons
 a - a +0 scimitar (weapon)
 b - a +0 shortbow
 c - a +0 mace
Missiles
 l - 64 arrows
Jewellery
 e - a ring of flight (left tentacle)
Scrolls
 d - 2 scrolls of teleportation {unknown}
 j - a scroll of fear {unknown}
 k - a scroll of summoning {unknown}
 m - a scroll of enchant armour {unknown}
Potions
 f - a potion of resistance {unknown}
 g - a potion of flight {unknown}
 h - a potion of degeneration
 i - a potion of might {unknown}


   Skills:
 - Level 2.0 Fighting
 - Level 1.0 Crossbows
 + Level 1.2 Dodging
 - Level 1.3 Stealth
 + Level 1.6 Spellcasting
 + Level 1.3 Conjurations
 - Level 1.0 Translocations
 + Level 3.4 Fire Magic
 - Level 1.1 Evocations


You had 4 spell levels left.
You knew the following spells:

 Your Spells              Type           Power      Damage    Failure   Level
a - Foxfire               Conj/Fire      32%        2x1d5     9%          1

Your spell library contained the following spells:

 Spells                   Type           Power      Damage    Failure   Level
 Scorch                   Fire           24%        2d6       8%          2
 Static Discharge         Conj/Air       3%         N/A       24%         2
 Conjure Flame            Conj/Fire      8%         6-21      24%         3
 Corpse Rot               Necr/Air       2%         N/A       32%         2
 Inner Flame              Hex/Fire       6%         N/A       32%         3
 Flame Wave               Conj/Fire      8%         3d4       63%         4
 Cause Fear               Hex            0%         N/A       91%         4
 Discord                  Hex            0%         N/A       100%        8


Dungeon Overview and Level Annotations

Branches:
Dungeon (2/15)

Altars:
Wu Jian


Innate Abilities, Weirdness & Mutations

You cannot wear most types of armour.
You are amphibious.
You can wear up to eight rings at the same time.
Your skin changes colour to match your surroundings (Stealth+).
Your rubbery body absorbs attacks. (AC +1, EV +1)
((You are camouflaged near water. (Stealth+)))
You have tentacles for arms and can constrict up to eight enemies at once.


Message History

No target in view!
An endoplasm comes into view.
An endoplasm is nearby!
You lunge at the endoplasm.
The helpless endoplasm fails to defend itself.
You slash the endoplasm!
You kill the endoplasm!
The Council accepts your kill.
No target in view!
No target in view!
Found a stone staircase leading down.
Found a stone staircase leading up.
An adder comes into view.
An adder is nearby!
The helpless adder fails to defend itself.
You slash the adder! Your grab misses the adder.
The adder is almost dead.
The adder bites you.
You are poisoned.
The adder poisons you! The adder bites you.
You closely miss the adder. Your grab misses the adder.
The adder is almost dead.
You feel sick. The adder misses you. The adder completely misses you.
You miss the adder. Your grab misses the adder.
The adder is almost dead.
You feel sick. The adder bites you.
You are more poisoned.
The adder poisons you! The adder bites you.
You are lethally poisoned!
The adder poisons you!
You miss the adder. Your grab misses the adder.
The adder is almost dead.
* * * LOW HITPOINT WARNING * * *
You feel very sick. The adder closely misses you. The adder bites you.
* * * LOW HITPOINT WARNING * * *
It was a potion of degeneration.
There was something very wrong with that liquid.
You feel weakened.
You feel dopey.
You feel clumsy.
You die...

####.......# #.#.# .#
.......##### #.#.##.#
.#####.####### #......#
.............###......#
######.#####.......>..##
...# #####....<... #####
#........ #........
#@....... ##S......
#######


You could see an adder.

Vanquished Creatures
  An adder (D:2)
  3 dart slugs
  6 endoplasms
  A goblin (D:1)
  A hobgoblin (D:1)
  2 kobolds (D:1)
  5 ball pythons
  5 bats
  A frilled lizard (D:1)
  A rat (D:2)
26 creatures vanquished.

Vanquished Creatures (others)
  10 foxfires (D:2)
10 creatures vanquished.

Grand Total: 36 creatures vanquished

Notes
Turn   | Place    | Note
-------+----------+-------------------------------------------
     0 | D:1      | omnomnOMINOUS the Octopode Wanderer began the quest for the
                  | Orb.
     0 | D:1      | omnomnOMINOUS set off with the following items: a +0
                  | shortbow, 28 arrows; and the following spell memorised:
                  | Foxfire; and the following spells available to memorise:
                  | Scorch, Corpse Rot, Static Discharge, Conjure Flame, Inner
                  | Flame, Flame Wave
     0 | D:1      | Reached XP level 1. HP: 14/14 MP: 2/2
   205 | D:1      | Reached XP level 2. HP: 4/19 MP: 3/3
   482 | D:1      | Found a faded altar of an unknown god.
   489 | D:1      | Prayed at the altar of an unknown god.
   489 | D:1      | Became a worshipper of the Wu Jian Council
   489 | D:1      | Reached * piety under Wu Jian
  1015 | D:2      | Reached skill level 1 in Conjurations
  1063 | D:2      | Reached skill level 1 in Dodging
  1102 | D:2      | Reached XP level 3. HP: 24/24 MP: 5/5
  1605 | D:2      | Succumbed to an adder's poison

Illustrated notes

Levels and vault maps discovered:
D:1:      dpeg_arrival_court, layout_basic,
          dreamdust_ecumenical_altar_hidden_monk_grotto
D:2:      layout_rooms, minmay_crystal_water, minmay_misc_feat_pillars

Skill      XL: |  1  2 |
---------------+-------+-----
Conjurations   | 1 |  1.3
Dodging        | 1 |  1.2
Fighting       | |  2.0
Crossbows      | |  1.0
Stealth        | |  1.3
Spellcasting   | |  1.6
Translocations | |  1.0
Fire Magic     | |  3.4
Evocations     | |  1.1

Action                   || total
-------------------------++-------
Melee: Hand axe          ||    28
       Constrict         ||     9
       Tentacles         ||     5
       Mace              ||    14
       Scimitar          ||     7
 Cast: Foxfire           ||     7
Invok: Lunge             ||     9
  Use: Potion            ||     1
 Stab: Sleeping          ||     8
Armor: Skin              ||     5
Dodge: Dodged            ||    33

Table legend: (Time is in decaauts)
 A = Elapsed time spent in this place.
 B = Non-inter-level travel time spent in this place.
 C = Inter-level travel time spent in this place.
 D = Time resting spent in this place.
 E = Time spent auto-exploring this place.
 F = Levels seen in this place.
 G = Mean time per level.
                   A        B        C        D        E       F      G
               +--------+--------+--------+--------+--------+-----+--------+
         Total |   1616 |   1592 |     24 |    571 |    783 |   2 |  808.0 |
       Dungeon |   1616 |   1592 |     24 |    571 |    783 |   2 |  808.0 |
               +--------+--------+--------+--------+--------+-----+--------+

Top non-repeatable levels by time:
     D:1: 1015 daAuts
     D:2: 601 daAuts
